 Dungeon Crawl Stone Soup version 0.30-a0-709-gcdc1b43e22 (webtiles) character file.

Game seed: 13671356660835736660

1078 Descartes the Chopper (level 8, -6/19 (61) HPs)
             Began as a Formicid Reaver on Jan 22, 2023.
             Mangled by an ogre
             ... wielding a +0 giant club
              (25 damage)
             ... on level 5 of the Dungeon.
             The game lasted 00:12:17 (5708 turns).

Descartes the Chopper (Formicid Reaver)             Turns: 5708, Time: 00:12:18

HP:   -6/19 (61)    AC:  6    Str: 19    XL:     8   Next: 54%
MP:   14/14         EV: 16    Int: 15    God:
Gold: 286           SH:  0    Dex:  8    Spells: 7/15 levels left

rFire   . . .      SeeInvis +    h - +0 war axe
rCold   . . .      Faith    .    (no shield)
rNeg    + . .      Spirit   .    r - +1 leather armour of Ogomp {rN+ Int+2 Dex-4}
rPois   .          Reflect  .    (helmet unavailable)
rElec   .          Harm     .    (no cloak)
rCorr   .          Rampage  .    g - +0 pair of gloves
Will    .....                    n - +0 pair of boots
Stlth   +                        (no amulet)
HPRegen 0.23/turn                e - +5 ring of evasion
MPRegen 0.14/turn                (no ring)

@: extremely drained
A: permanent stasis, dig shafts and tunnels, antennae 3, four strong arms
a: Dig, Shaft Self


You were on level 5 of the Dungeon.
You visited 1 branch of the dungeon, and saw 5 of its levels.
You also visited: Sewer.

You collected 286 gold pieces.

Inventory:

Hand Weapons
 a - a +0 hand axe
 h - a +0 war axe (weapon)
 t - a +2 dagger of pain
 y - a +2 sling of draining
 C - a +6 dire flail of protection
Missiles
 o - 7 poisoned darts
 q - a throwing net
 v - 3 boomerangs
Armour
 b - a +0 leather armour
 g - a +0 pair of gloves (worn)
 n - a +0 pair of boots (worn)
 r - the +1 leather armour of Ogomp (worn) {rN+ Int+2 Dex-4}
   (You found it on level 3 of the Dungeon)

   Int:       It affects your intelligence (+2).
   Dex:       It affects your dexterity (-4).
   rN:        It protects you from negative energy.
 u - a +0 chain mail
 z - a +0 pair of gloves
 D - a +2 robe of willpower
Jewellery
 e - a +5 ring of evasion (left hand)
 A - a ring of ice
Scrolls
 c - 3 scrolls of teleportation
 d - 2 scrolls of noise
 f - 2 scrolls of identify
 l - 2 scrolls of blinking {unknown}
 w - 3 scrolls of enchant weapon {unknown}
 B - a scroll of immolation {unknown}
Potions
 i - a potion of heal wounds {unknown}
 j - 2 potions of invisibility {unknown}
 k - 2 potions of might {unknown}
 m - 2 potions of ambrosia {unknown}
 p - 2 potions of curing {unknown}
 s - a potion of attraction {unknown}
 x - 4 potions of brilliance {unknown}


   Skills:
 + Level 4.6 Fighting
 + Level 4.7 Axes
 + Level 4.1 Armour
 - Level 1.7 Dodging
 + Level 4.6 Shields
 + Level 4.3 Spellcasting
 + Level 4.5 Conjurations
 + Level 0.0 Translocations


You had 7 spell levels left.
You knew the following spells:

 Your Spells              Type           Power      Damage    Failure   Level
a - Kiss of Death         Conj/Necr      40%        2d8       8%          1
b - Kindle Blastsparks    Fire/Tloc/Air  6%         2d10      52%         3
c - Iskenderun's Mystic   Conj/Tloc      10%        2d4       61%         4

Your spell library contained the following spells:

 Spells                   Type           Power      Damage    Failure   Level
 Momentum Strike          Conj/Tloc      20%        3d8       12%         2
 Hailstorm                Conj/Ice       10%        3d5       24%         3
 Fulminant Prism          Conj/Hex       5%         3d7       61%         4
 Lee's Rapid Deconstruct  Erth           1%         3d4*      99%         5


Dungeon Overview and Level Annotations

Branches:
Dungeon (5/15)              Sewer (visited)
 Temple: D:4-7

Altars:
Cheibriados


Innate Abilities, Weirdness & Mutations

You cannot be hasted, slowed, berserked, paralysed or teleported.
You can dig through walls and to a lower floor.
You have a pair of large antennae on your head. (SInv)
Your four strong arms can wield two-handed weapons with a shield.


Message History

Confirm with . or Enter, or press ? or * to list all spells.
Aiming: Kiss of Death (safe; 9% risk of failure)
Press: ? - help, Shift-Dir - straight line, f/p - ice beast
Aim: an ice beast (severely wounded, heavily drained, 100% to hit)
The negative energy hits the ice beast.
The ice beast is drained!
The ice beast is almost dead.
You feel drained.
The ice beast hits you but does no damage.
Casting: Kiss of Death (safe; 9% risk of failure)
Confirm with . or Enter, or press ? or * to list all spells.
Aiming: Kiss of Death (safe; 9% risk of failure)
Press: ? - help, Shift-Dir - straight line, f/p - ice beast
Aim: an ice beast (almost dead, heavily drained, 100% to hit)
The negative energy hits the ice beast.
The ice beast is drained!
You kill the ice beast!
You feel drained.
This spell is astonishingly dangerous to cast!
Memorise Kindle Blastsparks, consuming 3 spell levels and leaving 11?
You start memorising the spell.
You continue memorising.
Your magical contamination has completely faded away.
You continue memorising. x2
You finish memorising.
Spell assigned to 'b'.
This spell is astonishingly dangerous to cast!
Memorise Iskenderun's Mystic Blast, consuming 4 spell levels and leaving 7?
You start memorising the spell.
You continue memorising. x4
You finish memorising.
Spell assigned to 'c'.
Casting: Kiss of Death (safe; 8% risk of failure)
Confirm with . or Enter, or press ? or * to list all spells.
Okay, then.
Magic restored.
HP restored.
You sense a monster nearby.
An ogre comes into view. It is wielding a +0 giant club.
The ogre shouts!
The ogre barely misses you.
You barely miss the ogre. You barely miss the ogre.
The ogre hits you with a +0 giant club!!
Ouch! That really hurt!
You die...

#.# #. .. ..
.. . ..##.
.#.# ....#.#.
.......
#.##..#
#O##..#
####@##..#
#........#
#.##.#.###
#.##.#.#
#.##.#.#
#.##.#.#
#Y##.#.#
#.##.#.#
##.###.##>#.#
#####


You could see an ogre.

Vanquished Creatures
  Grinder (D:3)
  Sigmund (D:3)
  An ice beast (D:5)
  A kobold brigand (Sewer)
  Blork the orc (D:5)
  A hound (D:4)
  An orc priest (D:4)
  2 iguanas (D:4)
  An orc wizard (D:4)
  Robin (D:3)
  4 gnolls
  15 adders
  5 river rats (Sewer)
  5 worms
  2 dart slugs
  9 orcs
  9 endoplasms
  4 giant cockroaches
  10 goblins
  7 hobgoblins
  3 jackals (Sewer)
  5 kobolds
  2 quokkas (D:4)
  10 ball pythons
  6 bats
  6 frilled lizards
  7 rats
120 creatures vanquished.

Vanquished Creatures (others)
  21 plants
21 creatures vanquished.

Grand Total: 141 creatures vanquished

Notes
Turn   | Place    | Note
-------+----------+-------------------------------------------
     0 | D:1      | Descartes the Formicid Reaver began the quest for the Orb.
     0 | D:1      | Reached XP level 1. HP: 16/16 MP: 3/3
    37 | D:1      | Reached XP level 2. HP: 18/23 MP: 5/5
   154 | D:1      | Reached skill level 1 in Shields
   210 | D:1      | Reached XP level 3. HP: 25/28 MP: 6/6
   289 | D:1      | Reached skill level 1 in Armour
  1617 | D:2      | Found a faded altar of an unknown god.
  1803 | D:3      | Reached XP level 4. HP: 34/34 MP: 7/7
  1969 | D:3      | Noticed Robin
  1974 | D:3      | Killed Robin
  1976 | D:3      | Reached XP level 5. HP: 38/40 MP: 9/9
  1978 | D:3      | Noticed Sigmund
  1998 | D:3      | Killed Sigmund
  1999 | D:3      | Reached XP level 6. HP: 23/47 MP: 6/10
  2163 | D:3      | Noticed Grinder
  2955 | D:3      | Killed Grinder
  2956 | D:3      | Reached XP level 7. HP: 10/53 MP: 10/12
  3290 | D:3      | Identified the +1 leather armour of Ogomp {rN+ Int+2 Dex-4}
  3651 | D:4      | Found a glowing drain.
  3691 | Sewer    | Entered a sewer
  4307 | Sewer    | Reached XP level 8. HP: 60/60 MP: 13/13
  5083 | D:4      | Found a snail-covered altar of Cheibriados.
  5568 | D:5      | Entered Level 5 of the Dungeon
  5623 | D:5      | Noticed Blork the orc
  5633 | D:5      | Killed Blork the orc
  5660 | D:5      | Learned a level 3 spell: Kindle Blastsparks
  5665 | D:5      | Learned a level 4 spell: Iskenderun's Mystic Blast
  5708 | D:5      | Mangled by an ogre

Illustrated notes

Levels and vault maps discovered:
D:1:      grunt_arrival_crossed_arrows, layout_basic, chequers_big_river
D:2:      layout_loops_corners, shapermc_ecumenical_altar_mp_vishouse,
          minmay_misc_feat_doors, chequers_serial_rivers_small_a
D:3:      layout_loops_ring, nicolae_half_adder, uniq_robin, uniq_sigmund,
          uniq_grinder
D:4:      layout_rooms, slow_altar_1, gup_sewer_entry_glass
D:5:      layout_loops_ring, ashenzari_conservatory_becter,
          nicolae_wu_jian_glorious_leap, minmay_temple_entry_ruins,
          corner_web_ring, kennysheep_nondescript, uniq_blork_the_orc

Skill      XL: |  1  2  3  4  5  6  7  8 |
---------------+-------------------------+-----
Shields        | 1 2 3 4 |  4.6
Armour         | 1 2 3 4 |  4.1
Conjurations   | 3 4 |  4.5
Fighting       | 3 4 |  4.6
Spellcasting   | 3 4 |  4.3
Axes           | 4 |  4.7
Dodging        | |  1.7

Action                     |  1- 3 |  4- 6 |  7- 9 || total
---------------------------+-------+-------+-------++-------
  Melee: Hand axe          |    68 |       |       ||    68
         Punch             |     2 |       |     1 ||     3
         War axe           |    27 |   122 |   281 ||   430
   Cast: Kiss of Death     |       |     3 |     6 ||     9
    Use: Scroll            |       |       |     4 ||     4
   Stab: Sleeping          |     1 |       |     1 ||     2
 Armour: Leather armour    |    27 |    28 |    55 ||   110
  Dodge: Dodged            |    71 |   121 |   271 ||   463

Table legend: (Time is in decaauts)
 A = Elapsed time spent in this place.
 B = Non-inter-level travel time spent in this place.
 C = Inter-level travel time spent in this place.
 D = Time resting spent in this place.
 E = Time spent auto-exploring this place.
 F = Levels seen in this place.
 G = Mean time per level.
                   A        B        C        D        E       F      G
               +--------+--------+--------+--------+--------+-----+--------+
         Total |   6028 |   5855 |    173 |    446 |   4100 |   6 | 1004.7 |
       Dungeon |   4724 |   4551 |    173 |    446 |   3208 |   5 |  944.8 |
         Sewer |   1303 |   1303 |      0 |      0 |    891 |   1 | 1303.0 |
               +--------+--------+--------+--------+--------+-----+--------+

Top non-repeatable levels by time:
     D:3: 1832 daAuts
   Sewer: 1303 daAuts
     D:2: 1062 daAuts
     D:4: 877 daAuts
     D:1: 810 daAuts
     D:5: 142 daAuts
